 Dungeon Crawl Stone Soup version 0.22.1-1-ga44c0e5 (webtiles) character file.

46 Anon1729 the Ducker (level 3, -1/30 HPs)
             Began as a Ghoul Gladiator on Oct 29, 2018.
             Slain by Sigmund
             ... wielding a +0 scythe
              (5 damage)
             ... on level 2 of the Dungeon.
             The game lasted 00:01:11 (1436 turns).

Anon1729 the Ducker (Ghoul Gladiator)               Turns: 1436, Time: 00:01:12

Health: -1/30      AC:  4    Str: 17    XL:     3   Next: 68%
Magic:  2/2        EV: 12    Int:  4    God:
Gold:   124        SH:  0    Dex: 10    Spells: 2/2 levels left

rFire    . . .     SeeInvis .   k - +3 spear (venom)
rCold    + . .     Gourm    .   (no shield)
rNeg     + + +     Faith    .   b - +0 leather armour
rPois    ∞         Spirit   .   c - +0 helmet
rElec    .         Reflect  .   (no cloak)
rCorr    .         Harm     .   (no gloves)
MR       .....                  (no boots)
Stlth    +.........             (no amulet)
HPRegen  0.00/turn              (no ring)
MPRegen  0.08/turn              (no ring)

@: rotting
A: rotting body, claws 1, carnivore, cold resistance 1, negative energy
resistance 3, inhibited regeneration, torment resistance, unbreathing
a: no special abilities


You were on level 2 of the Dungeon.
You were not hungry.

You visited 1 branch of the dungeon, and saw 2 of its levels.

You collected 124 gold pieces.

Inventory:

Hand Weapons
 a - a +0 quarterstaff
 k - a +3 spear of venom (weapon)
Missiles
 d - 3 throwing nets (quivered)
Armour
 b - a +0 leather armour (worn)
 c - a +0 helmet (worn)
Scrolls
 g - a scroll of fog {unknown}
 h - a scroll of magic mapping {unknown}
 n - a scroll of identify {unknown}
 o - a scroll of teleportation {unknown}
Potions
 j - a potion of resistance {unknown}
 l - a potion of brilliance {unknown}
 m - a potion of might {unknown}
Comestibles
 f - 2 rations
 i - 10 chunks of flesh


   Skills:
 + Level 2.9 Fighting
 + Level 3.1 Staves
 - Level 1.7 Throwing
 + Level 1.1 Armour
 + Level 3.1 Dodging


You had 2 spell levels left.
You didn't know any spells.
Your spell library was empty.

Dungeon Overview and Level Annotations

Branches:
Dungeon (2/15)

Altars:

Annotations:
D:2 Sigmund


Innate Abilities, Weirdness & Mutations

Your body is rotting away.
You thrive on raw meat.
You are immune to poison.
You have sharp fingernails.
You are carnivorous and can eat meat at any time.
Your flesh is cold resistant. (rC+)
You are immune to negative energy. (rN+++)
You do not regenerate when monsters are visible.
You are immune to unholy pain and torment.
You can survive without breathing.


Message History

Press: ? - help, Dir - move target cursor, f - Sigmund
Aim: Sigmund, wielding a scythe and wearing a glowing robe You reach to attack!
You hit Sigmund.
Sigmund is lightly wounded.
Sigmund casts a spell.
Sigmund flickers and vanishes!
Deactivating autopickup; reactivate with Ctrl-A.
No target in view!
No target in view!
No target in view!
No target in view!
Unknown command.
Unknown command.
Something hits you!
* * * LOW HITPOINT WARNING * * *
You see here a goblin corpse.
Unknown command.
It was a potion of lignification.
You feel woody for a moment. Something hits you.
You die...

#.)......... #..
###........... #..
######.........####
#...#....#.........#
#...#....#.........# #
...%..................
..#....#.........####
#?...#.........#
#.@†.#.........#
......{...#.......(.
.......#############
....... .......
....... .......
.......


There were no monsters in sight!

Vanquished Creatures
  3 dart slugs
  3 leopard geckos
  2 ball pythons
  A bat (D:1)
  A giant cockroach (D:1)
  5 hobgoblins
  3 jackals (D:2)
  A quokka (D:2)
  A frilled lizard (D:1)
  6 goblins
  4 kobolds
  5 rats
35 creatures vanquished.

Notes
Turn   | Place    | Note
-------+----------+-------------------------------------------
     0 | D:1      | Anon1729 the Ghoul Gladiator began the quest for the Orb.
     0 | D:1      | Reached XP level 1. HP: 17/17 MP: 0/0
   227 | D:1      | Reached XP level 2. HP: 20/25 MP: 1/1
   919 | D:1      | Reached XP level 3. HP: 30/30 MP: 2/2
  1328 | D:2      | Reached skill level 1 in Armour
  1426 | D:2      | Noticed Sigmund
  1436 | D:2      | Slain by Sigmund

Skill      XL: |  1  2  3 |
---------------+----------+-----
Dodging        | 3 |  3.1
Staves         | 3 |  3.1
Armour         | 1 |  1.1
Fighting       | |  2.9
Throwing       | |  1.7

Action                   || total
-------------------------++-------
Melee: Quarterstaff      ||    45
       Spear             ||    45
  Use: Potion            ||     1
 Stab: Sleeping          ||     1
  Eat: Chunk             ||     6
Armor: Leather armour    ||    22
Dodge: Dodged            ||    58
